 Dungeon Crawl Stone Soup version 0.29.0-13-gc9e81de378 (webtiles) character file.

Game seed: 18297783055526487342

18314 videwesjr the Bludgeoner (level 12, -9/106 HPs)
             Began as a Minotaur Fighter on Sept 9, 2022.
             Was the Champion of Okawaru.
             Mangled by a large slime creature (28 damage)
             ... on level 12 of the Dungeon.
             The game lasted 00:46:28 (11764 turns).

videwesjr the Bludgeoner (Minotaur Fighter)        Turns: 11764, Time: 00:46:29

Health: -9/106     AC: 28    Str: 31    XL:     12   Next: 26%
Magic:  11/11      EV: 11    Int:  5    God:    Okawaru [******]
Gold:   616        SH:  6    Dex: 15    Spells: 11/11 levels left

rFire   . . .      SeeInvis .   a - +7 eveningstar of Satyriasis {vorpal, Fly rC- rN+++ Str+4}
rCold   . . .      Faith    .   c - +0 buckler
rNeg    + + +      Spirit   .   E - +7 chain mail {rC+}
rPois   .          Reflect  .   (helmet restricted)
rElec   .          Harm     .   m - +0 cloak
rCorr   .          Rampage  .   p - +0 pair of gloves
Will    .....                   l - +0 pair of boots
Stlth   ..........              (no amulet)
HPRegen 0.27/turn               s - +6 ring of dexterity
MPRegen 0.12/turn               C - +4 ring of protection

@: flying
A: horns 2, retaliatory headbutt
a: Renounce Religion, Heroism, Finesse, Duel


You were on level 12 of the Dungeon.
You worshipped Okawaru.
Okawaru was exalted by your worship.
You visited 2 branches of the dungeon, and saw 13 of its levels.

You collected 754 gold pieces.
You spent 138 gold pieces at shops.

Inventory:

Hand Weapons
 a - the +7 eveningstar of Satyriasis (weapon) {vorpal, Fly rC- rN+++ Str+4}
   (You acquired it on level 8 of the Dungeon)

   It inflicts extra damage upon your enemies.
   Str:       It affects your strength (+4).
   rC:        It makes you vulnerable to cold.
   rN:        It renders you almost immune to negative energy.
   Fly:       It grants you flight.
 b - a +0 vorpal broad axe
 v - a +2 vampiric halberd
 y - the +9 mace of Upoattoz {speed, Fly rC- Int+9 Stlth-}
   (You found it on level 8 of the Dungeon)

   Attacks with this weapon are significantly faster.
   Int:       It affects your intelligence (+9).
   rC:        It makes you vulnerable to cold.
   Fly:       It grants you flight.
   Stlth:     It makes you less stealthy.
 F - a +0 vorpal flail
 L - a +4 antimagic battleaxe
Missiles
 g - 3 boomerangs (quivered)
 n - 28 poisoned darts
 q - 7 curare-tipped darts
 z - 5 boomerangs of dispersal
 A - a silver boomerang
 N - 5 atropa-tipped darts
Armour
 c - a +0 buckler (worn)
 l - a +0 pair of boots (worn)
 m - a +0 cloak (worn)
 p - a +0 pair of gloves (worn)
 E - a +7 chain mail of cold resistance (worn)
Jewellery
 s - a +6 ring of dexterity (left hand)
 C - a +4 ring of protection (right hand)
 D - a +6 ring of dexterity
 O - a ring of willpower
Wands
 k - a wand of roots (13)
 r - a wand of charming (23)
 B - a wand of flame (18)
Scrolls
 j - 3 scrolls of amnesia
 t - 4 scrolls of teleportation
 u - a scroll of brand weapon
 H - a scroll of blinking
 J - a scroll of silence
 M - 2 scrolls of identify
Potions
 d - 3 potions of might
 e - 2 potions of invisibility
 f - 11 potions of curing
 h - a potion of lignification
 i - 2 potions of degeneration
 o - 2 potions of ambrosia
 w - 2 potions of flight
 G - a potion of mutation {unknown}
 I - a potion of attraction {unknown}


   Skills:
 + Level 10.0 Fighting
 + Level 15.7 Maces & Flails
 + Level 2.9 Throwing
 + Level 12.2 Armour
 + Level 5.0 Dodging
 + Level 2.3 Stealth
 + Level 8.8 Shields


You had 11 spell levels left.
You didn't know any spells.
Your spell library contained the following spells:

 Spells                   Type           Power      Damage    Failure   Level
 Magic Dart               Conj           0%         1d3       92%         1
 Slow                     Hex            0%         N/A       92%         1
 Sting                    Tmut/Pois      0%         1d3       92%         1
 Ensorcelled Hibernation  Hex/Ice        0%         N/A       98%         2
 Passwall                 Tmut/Erth      0%         N/A       98%         2
 Poisonous Vapours        Pois/Air       0%         N/A       98%         2
 Confusing Touch          Hex            0%         N/A       100%        3
 Dazzling Flash           Conj/Hex       0%         N/A       100%        3
 Gell's Gravitas          Tloc           0%         N/A       100%        3
 Mephitic Cloud           Conj/Pois/Air  0%         N/A       100%        3
 Swiftness                Air            0%         N/A       100%        3
 Teleport Other           Tloc           0%         N/A       100%        3
 Vampiric Draining        Necr           0%         2d6       100%        3
 Olgreb's Toxic Radiance  Pois           0%         N/A       100%        4
 Agony                    Necr           0%         N/A       100%        5
 Alistair's Intoxication  Tmut/Pois      0%         N/A       100%        5
 Borgnjor's Vile Clutch   Necr/Erth      0%         N/A       100%        5
 Silence                  Hex/Air        0%         N/A       100%        5
 Dispersal                Tloc           0%         N/A       100%        6
 Eringya's Noxious Bog    Tmut/Pois      0%         N/A       100%        6
 Call Imp                 Summ           Unusable   N/A       N/A         2

Dungeon Overview and Level Annotations

Branches:
Dungeon (12/15)            Temple (1/1) D:5            Lair (0/5) D:8
    Orc: D:9-12

Altars:
Ashenzari
Cheibriados
Dithmenos
Gozag
Hepliaklqana
Nemelex Xobeh
Okawaru
Ru
Uskayaw
Yredelemnul
Zin
The Shining One

Shops:
D:1 *   D:2 (   D:6 (=   D:7 [


Innate Abilities, Weirdness & Mutations

You have a pair of horns on your head.
You reflexively headbutt those who attack you in melee.


Message History

You hit the enormous slime creature.
You headbutt the enormous slime creature.
The enormous slime creature is heavily wounded.
You skewer the enormous slime creature like a kebab!!!
You headbutt the enormous slime creature.
The enormous slime creature is severely wounded.
You barely miss the enormous slime creature.
You headbutt the enormous slime creature!
The enormous slime creature is severely wounded.
You block the enormous slime creature's attack.
You stick the enormous slime creature like a pincushion!!!
The enormous slime creature is almost dead.
The enormous slime creature hits you!
You barely miss the enormous slime creature.
You headbutt the enormous slime creature!
The enormous slime creature is almost dead.
You bludgeon the enormous slime creature!!
You kill the enormous slime creature!
Okawaru is honoured by your kill.
Your Fighting skill increases to level 10!
You sock the large slime creature!
The large slime creature is lightly wounded.
The boulder beetle stops rolling and uncurls.
The large slime creature hits you!!
* * * LOW HITPOINT WARNING * * *
You thump the large slime creature! You headbutt the large slime creature.
The large slime creature is moderately wounded.
The large slime creature hits you but does no damage.
You puncture the large slime creature!
The large slime creature is moderately wounded.
The large slime creature hits you!!
* * * LOW HITPOINT WARNING * * *
You feel much better. The large slime creature misses you.
The large slime creature attacks as you move away!
The large slime creature hits you!!
* * * LOW HITPOINT WARNING * * *
The boulder beetle curls into a ball and begins rolling!
The large slime creature attacks as you move away!
The large slime creature hits you!!
You die...

...... ###....
......
#.#.#...######
#............#
###......# .
#รทรท......# ...
#)###....####.....
#.#......@J.B.....
#.~#.#..####~.....
#~~~.#..<# .....
.~~~~~#...# ....
#~~~~~~~..... ...
#~~~~~~~~~..... #.
#~~~~~~~~~###...
..~~~~~~~... .#.
...#~~~~~####


You could see a boulder beetle (rolling) and a large slime creature.

Vanquished Creatures
  A slime creature (D:12)
  Josephine (D:11)
  A hydra (D:12)
  A centaur warrior (D:12)
  3 two-headed ogres
  A death knight (D:12)
  Sonja (D:10)
  A deep elf pyromancer (D:12)
  A cyclops (D:12)
  3 ugly things
  Joseph (D:8)
  A gargoyle (D:12)
  A queen bee (D:9)
  2 trolls
  2 hornets (D:7)
  Sigmund (D:6)
  A shadow (D:12)
  4 yaks (D:12)
  3 wyverns (D:8)
  7 wraiths
  A basilisk (D:8)
  6 vampire mosquitoes (D:11)
  Edmund (D:6)
  An acid dragon (D:9)
  6 water moccasins
  3 orc warriors
  A sky beast (D:6)
  3 black bears (D:8)
  An ogre (D:4)
  A wolf (D:8)
  9 centaurs
  2 phantoms (D:6)
  8 kobold brigands
  2 bullfrogs
  A necrophage (D:5)
  2 gnoll sergeants
  4 scorpions
  5 wights (D:7)
  23 killer bees
  An electric eel (D:7)
  6 howler monkeys
  10 orc priests
  2 hounds
  2 jellies
  Jessica (D:3)
  2 iguanas (D:4)
  Terence (D:3)
  8 orc wizards
  6 gnolls
  7 adders
  2 shadow imps (D:7)
  2 worms
  2 dart slugs
  52 orcs
  9 endoplasms
  5 giant cockroaches
  8 goblins
  6 hobgoblins
  3 jackals (D:1)
  26 kobolds
  4 quokkas
  5 ball pythons
  6 bats
  4 frilled lizards
  3 rats
300 creatures vanquished.

Vanquished Creatures (others)
  7 fungi (D:8)
  19 plants
26 creatures vanquished.

Grand Total: 326 creatures vanquished

Notes
Turn   | Place    | Note
-------+----------+-------------------------------------------
     0 | D:1      | videwesjr the Minotaur Fighter began the quest for the Orb.
     0 | D:1      | Reached XP level 1. HP: 19/19 MP: 0/0
   153 | D:1      | Reached XP level 2. HP: 24/27 MP: 1/1
   220 | D:1      | Found a faded altar of an unknown god.
   418 | D:1      | Found Fuelunon's Assorted Antiques.
   423 | D:1      | Reached XP level 3. HP: 33/33 MP: 2/2
   726 | D:1      | Reached skill level 3 in Maces & Flails
  1201 | D:2      | Found Vemaz Daka's Antique Weapon Shoppe.
  1680 | D:3      | Reached XP level 4. HP: 40/40 MP: 3/3
  1853 | D:3      | Noticed Terence
  1861 | D:3      | Killed Terence
  1862 | D:3      | Reached skill level 1 in Dodging
  2013 | D:3      | Noticed Jessica
  2031 | D:3      | Killed Jessica
  2032 | D:3      | Reached skill level 4 in Maces & Flails
  2032 | D:3      | Reached XP level 5. HP: 44/47 MP: 4/4
  2533 | D:4      | Noticed an ogre
  2539 | D:4      | Killed an ogre
  2540 | D:4      | Reached skill level 5 in Maces & Flails
  2540 | D:4      | Reached skill level 5 in Armour
  2540 | D:4      | Reached XP level 6. HP: 40/53 MP: 5/5
  2816 | D:4      | Identified the +10 whip of Internal Strife {pain, *Rage
                  | Fragile rF+++ MP+9}
  3601 | D:1      | Bought a grey potion for 21 gold pieces
  3601 | D:1      | Bought a scroll labelled HITZIB MIMPIARR for 24 gold pieces
  3601 | D:1      | Bought a scroll of teleportation for 72 gold pieces
  3601 | D:1      | Bought a fizzy ruby potion for 21 gold pieces
  3680 | D:5      | Entered Level 5 of the Dungeon
  3965 | D:5      | Reached skill level 6 in Maces & Flails
  3965 | D:5      | Reached XP level 7. HP: 51/60 MP: 6/6
  4194 | D:5      | Found a staircase to the Ecumenical Temple.
  4200 | Temple   | Entered the Ecumenical Temple
  4359 | Temple   | Became a worshipper of Warmaster Okawaru
  4435 | D:5      | Reached skill level 5 in Fighting
  4594 | D:5      | Reached skill level 5 in Shields
  4914 | D:6      | Noticed Sigmund
  4931 | D:6      | Killed Sigmund
  4932 | D:6      | Reached skill level 7 in Maces & Flails
  4934 | D:6      | Reached * piety under Okawaru
  4935 | D:6      | Reached skill level 1 in Stealth
  4983 | D:6      | Reached XP level 8. HP: 68/68 MP: 7/7
  5030 | D:6      | Found Suddacwemn's Jewellery Shop.
  5044 | D:6      | Found Equrgh's Antique Weapon Emporium.
  5099 | D:6      | Found an opulent altar of Gozag.
  5163 | D:6      | Reached skill level 8 in Maces & Flails
  5215 | D:6      | Reached ** piety under Okawaru
  5328 | D:6      | Noticed Edmund
  5337 | D:6      | Killed Edmund
  5998 | D:7      | Found Enidd's Armour Shoppe.
  6023 | D:7      | Reached skill level 9 in Maces & Flails
  6112 | D:7      | Noticed a hornet
  6115 | D:7      | Killed a hornet
  6116 | D:7      | Reached skill level 1 in Throwing
  6211 | D:7      | Reached XP level 9. HP: 75/75 MP: 8/8
  6212 | D:7      | Reached *** piety under Okawaru
  6778 | D:8      | Reached skill level 10 in Maces & Flails
  6786 | D:8      | Identified the +9 mace of Upoattoz {speed, Fly rC- Int+9
                  | Stlth-}
  6788 | D:8      | Found a snail-covered altar of Cheibriados.
  6866 | D:8      | Found a staircase to the Lair.
  6872 | D:8      | Received a gift from Okawaru
  6893 | D:8      | Reached skill level 11 in Maces & Flails
  6893 | D:8      | Reached **** piety under Okawaru
  6913 | D:8      | Reached skill level 10 in Armour
  6924 | D:8      | Reached XP level 10. HP: 68/86 MP: 9/9
  7054 | D:8      | Identified a scroll of acquirement
  7054 | D:8      | Acquired the +7 eveningstar of Satyriasis {vorpal, Fly rC-
                  | rN+++ Str+4}
  7383 | D:8      | Noticed Joseph
  7393 | D:8      | Killed Joseph
  8378 | D:9      | Reached skill level 12 in Maces & Flails
  8500 | D:9      | Reached ***** piety under Okawaru
  8500 | D:9      | Received a gift from Okawaru
  8762 | D:10     | Entered Level 10 of the Dungeon
  8882 | D:10     | Noticed Sonja
  8912 | D:10     | Killed Sonja
  9404 | D:10     | Reached skill level 13 in Maces & Flails
  9692 | D:10     | Reached XP level 11. HP: 26/95 MP: 10/10
  9694 | D:10     | Noticed a sun demon
 10529 | D:11     | Noticed a two-headed ogre
 10536 | D:11     | Killed a two-headed ogre
 10536 | D:11     | Received a gift from Okawaru
 10814 | D:11     | Noticed a cyan ugly thing
 10822 | D:11     | Killed a cyan ugly thing
 10854 | D:11     | Noticed Josephine
 10865 | D:11     | Killed Josephine
 11120 | D:12     | Reached skill level 14 in Maces & Flails
 11306 | D:12     | Noticed a two-headed ogre
 11311 | D:12     | Killed a two-headed ogre
 11391 | D:12     | Noticed a four-headed hydra
 11392 | D:12     | Noticed a centaur warrior
 11397 | D:12     | Killed a four-headed hydra
 11397 | D:12     | Received a gift from Okawaru
 11402 | D:12     | Noticed a two-headed ogre
 11406 | D:12     | Killed a centaur warrior
 11408 | D:12     | Killed a two-headed ogre
 11408 | D:12     | Reached ****** piety under Okawaru
 11417 | D:12     | Noticed a boulder beetle
 11419 | D:12     | Noticed a purple ugly thing
 11419 | D:12     | Noticed a brown ugly thing
 11423 | D:12     | Noticed a death knight
 11430 | D:12     | Killed a brown ugly thing
 11431 | D:12     | Reached skill level 15 in Maces & Flails
 11431 | D:12     | Reached skill level 5 in Dodging
 11431 | D:12     | Reached XP level 12. HP: 40/105 MP: 11/11
 11433 | D:12     | Killed a death knight
 11433 | D:12     | Identified the +6 chain mail of the Original Sin {Int-2
                  | Dex+6} (Okawaru gifted it to you on level 12 of the
                  | Dungeon)
 11433 | D:12     | Received a gift from Okawaru
 11759 | D:12     | Reached skill level 10 in Fighting
 11761 | D:12     | HP: 5/106 [large slime creature (21)]
 11764 | D:12     | Mangled by a large slime creature

Illustrated notes

Levels and vault maps discovered:
D:1:      spicycebolla_arrival_xxxplode, layout_basic, serial_shops, shop,
          hellmonk_ecumenical_altar_inner_sanctum
D:2:      layout_basic, serial_shops, nicolae_shop_trees,
          guppyfry_early_orc_mine
D:3:      layout_basic, uniq_jessica, uniq_terence
D:4:      kennysheep_spiral_hall, layout_rooms, minmay_hedge_maze
D:5:      layout_loops_cross, minmay_temple_entry_enclosed_plants,
          nicolae_hexahallways, kennysheep_cross_room
D:6:      layout_basic, grunt_gozag_statues, serial_shops, shop,
          nicolae_shop_crystal, uniq_edmund, uniq_sigmund
D:7:      layout_loops_ring, serial_shops, shop_fountains,
          kennysheep_flooded_box, grunt_ministairs_5, dreamdust_princess_bridge
D:8:      layout_gridville, amcnicky_altar_gilded, minmay_lair_entry_grove,
          minmay_misc_feat_alley, chequers_jeans, uniq_joseph
D:9:      layout_basic, nicolae_looking_at_the_future
D:10:     layout_cave_pools, minmay_orc_entry_temple_small, special_room
          [special_room_kobold], minmay_unpleasant_kobolds, uniq_sonja
D:11:     layout_irregular_city, uniq_josephine
D:12:     hangedman_cross_stitches, layout_basic
Temple:   mainiacjoe_temple_big_plus

Skill      XL: |  1  2  3  4  5  6  7  8  9 10 11 12 |
---------------+-------------------------------------+-----
Fighting       | 4 5 6 7 8 9 10 | 10.0
Shields        | 4 5 6 7 8 |  8.8
Armour         | 4 5 6 8 10 11 12 | 12.2
Maces & Flails | 3 4 5 6 7 9 11 13 15 | 15.7
Dodging        | 1 2 3 5 |  5.0
Stealth        | 1 2 |  2.3
Throwing       | 1 2 |  2.9

Action                   |  1- 3 |  4- 6 |  7- 9 | 10-12 || total
-------------------------+-------+-------+-------+-------++-------
Melee: Flail             |    61 |       |       |       ||    61
       Headbutt          |    10 |    22 |    27 |    47 ||   106
       Mace              |    20 |    55 |       |       ||    75
       Morningstar       |       |    59 |       |       ||    59
       Whip              |       |    26 |   183 |     3 ||   212
       Eveningstar       |       |       |       |   298 ||   298
Throw: Dart              |       |       |     3 |       ||     3
       Boomerang         |       |       |     4 |    14 ||    18
  Use: Scroll            |       |     9 |     5 |    10 ||    24
       Potion            |       |       |       |     4 ||     4
Armor: Scale mail        |    46 |    33 |       |       ||    79
       Chain mail        |       |    45 |    68 |   246 ||   359
Dodge: Dodged            |    40 |    44 |    50 |   205 ||   339
Block: Buckler           |    24 |    25 |    38 |   111 ||   198
